 Dungeon Crawl Stone Soup version 0.24-a0-250-g6074511 (webtiles) character file.

Game seed: 10056919870660323083

232 Borgoz the Cutter (level 6, -1/37 HPs)
             Began as a Kobold Gladiator on Apr 14, 2019.
             Was an Initiate of Ashenzari.
             Slain by an orc wizard
             ... wielding a +0 dagger
              (4 damage)
             ... on level 5 of the Dungeon.
             The game lasted 00:06:11 (3893 turns).

Borgoz the Cutter (Kobold Gladiator)                Turns: 3893, Time: 00:06:12

Health: -1/37      AC:  3    Str: 13 (14) XL:     6   Next: 25%
Magic:  0/6        EV: 17    Int:  9      God:    Ashenzari [......]
Gold:   115        SH:  0    Dex: 16      Spells: 5/5 levels left

rFire    + . .     SeeInvis .   a - +0 rapier
rCold    . . .     Gourm    .   (shield restricted)
rNeg     . . .     Faith    .   u - +0 robe of the Crushed Lies {rElec rPois} (curse)
rPois    +         Spirit   +   c - +0 helmet
rElec    +         Reflect  .   j - scarf {Spirit}
rCorr    .         Harm     .   (no gloves)
MR       .....                  (no boots)
Stlth    +.........             (no amulet)
HPRegen  0.12/turn              e - ring of protection from fire
MPRegen  0.10/turn              (no ring)

@: confused, berserk cooldown, slowed, very slow
A: small, carnivore
a: Curse Item, Renounce Religion


You were on level 5 of the Dungeon.
You worshipped Ashenzari.
Ashenzari was noncommittal.
You were very full.

You visited 2 branches of the dungeon, and saw 6 of its levels.

You collected 235 gold pieces.
You spent 120 gold pieces at shops.

Inventory:

Hand Weapons
 a - a +0 rapier (weapon)
Missiles
 d - 5 throwing nets (quivered)
Armour
 c - a +0 helmet (worn)
 j - a scarf of spirit shield (worn)
 u - the cursed +0 robe of the Crushed Lies (worn) {rElec rPois}
   (You found it on level 4 of the Dungeon)

   It insulates you from electricity.
   It protects you from poison.
   It has a curse placed upon it.
Jewellery
 e - a ring of protection from fire (left hand)
Scrolls
 g - 5 scrolls of teleportation {unknown}
 i - 3 scrolls of magic mapping {unknown}
 m - 3 scrolls of remove curse
 n - 4 scrolls of identify {unknown}
 p - a scroll of fear {unknown}
 r - a scroll of blinking {unknown}
Potions
 k - 2 potions of flight {unknown}
 l - 3 potions of magic {unknown}
 q - 3 potions of heal wounds
 s - a potion of brilliance {unknown}
 t - a potion of haste {unknown}
Comestibles
 f - 6 rations


   Skills:
 + Level 3.5 Fighting
 + Level 5.1 Short Blades
 - Level 2.1 Throwing
 + Level 1.8 Armour
 + Level 4.7 Dodging
 + Level 3.5 Stealth


You had 5 spell levels left.
You didn't know any spells.
Your spell library was empty.

Dungeon Overview and Level Annotations

Branches:
Dungeon (5/15)             Temple (1/1) D:4

Altars:
Ashenzari
Cheibriados
Dithmenos
Elyvilon
Fedhas
Gozag
Hepliaklqana
Kikubaaqudgha
Makhleb
Nemelex Xobeh
Okawaru
Qazlal
Ru
Sif Muna
Trog
Uskayaw
Vehumet
Wu Jian
Xom
Yredelemnul
Zin
The Shining One

Shops:
D:4 !


Innate Abilities, Weirdness & Mutations

You are small and have problems with some larger weapons.
You are carnivorous and can eat meat at any time.


Message History

You are more confused.
You see here a +0 ring mail.
You feel a strong urge to attack something.
You see here a +0 ring mail.
You miss something. The orc misses you.
You feel a strong urge to attack something.
You are no longer berserk.
You are exhausted.
You feel yourself slow down. Something hits you.
* * * LOW HITPOINT WARNING * * *
You see here a +0 ring mail.
You completely miss something. Something hits you.
* * * LOW HITPOINT WARNING * * *
The orc closely misses you.
You barely miss something. Something hits you.
* * * LOW HITPOINT WARNING * * *
The orc misses you. Something closely misses you.
You barely miss something. The orc misses you. Something hits you.
You die...

.. .######### ...
....)#...## #..#
...#......##..##
...............
...#.......#.#
.............#
.......{@.#
..#...o..##
#........#
#........#
#.........####
#.............####
#....#...#.......##
.......##...[.....##
.....#.......<.....#


You could see an orc.

Vanquished Creatures
  A hound (D:4)
  An orc wizard (D:5)
  Robin (D:2)
  5 adders
  An ooze (D:2)
  An adder skeleton (D:4)
  8 worms
  5 leopard geckos
  4 orcs
  A giant cockroach (D:4)
  13 goblins
  5 hobgoblins
  4 jackals (D:1)
  4 quokkas
  3 ball pythons
  5 bats
  3 frilled lizards (D:1)
  A jackal skeleton (D:4)
  12 kobolds
  3 quokka skeletons (D:4)
  8 rats
89 creatures vanquished.

Vanquished Creatures (others)
  A plant (D:2)
1 creature vanquished.

Grand Total: 90 creatures vanquished

Notes
Turn   | Place    | Note
-------+----------+-------------------------------------------
     0 | D:1      | Borgoz the Kobold Gladiator began the quest for the Orb.
     0 | D:1      | Reached XP level 1. HP: 12/12 MP: 1/1
   123 | D:1      | Reached XP level 2. HP: 18/18 MP: 2/2
   286 | D:1      | Reached skill level 1 in Stealth
   648 | D:1      | Reached XP level 3. HP: 15/22 MP: 3/3
   894 | D:2      | Found a white marble altar of Elyvilon.
  1357 | D:2      | Noticed Robin
  1369 | D:2      | Reached XP level 4. HP: 13/27 MP: 4/4
  1375 | D:2      | Reached skill level 1 in Armour
  1789 | D:2      | Killed Robin
  1985 | D:2      | Reached XP level 5. HP: 31/32 MP: 5/5
  2791 | D:4      | Found Apada's Distillery.
  2808 | D:4      | Bought a potion of berserk rage for 60 gold pieces
  2808 | D:4      | Bought a potion of heal wounds for 60 gold pieces
  2853 | D:4      | Reached skill level 5 in Short Blades
  2882 | D:4      | Reached XP level 6. HP: 25/37 MP: 4/6
  3323 | D:4      | Got a shimmering robe
  3334 | D:4      | Identified the cursed +0 robe of the Crushed Lies {rElec
                  | rPois} (You found it on level 4 of the Dungeon)
  3373 | D:4      | Found a basalt altar of Yredelemnul.
  3374 | D:4      | Found a hazy altar of Hepliaklqana.
  3377 | D:4      | Found a glowing silver altar of Zin.
  3379 | D:4      | Found a snail-covered altar of Cheibriados.
  3463 | D:4      | Found a staircase to the Ecumenical Temple.
  3472 | Temple   | Entered the Ecumenical Temple
  3575 | Temple   | Became a worshipper of Ashenzari the Shackled
  3862 | D:5      | Entered Level 5 of the Dungeon
  3893 | D:5      | Slain by an orc wizard

Levels and vault maps discovered:
D:1:      matt_arrival_grand_opening, layout_basic
D:2:      minmay_spotlight, layout_basic, serial_bayou_pond_b, elyvilon_altar_1,
          uniq_robin
D:3:      layout_basic, chequers_serial_rivers_micro_b
D:4:      layout_loops_cross, minitemple, lemuel_temple_firewalk_b,
          serial_shops, nicolae_shop_temple_entry_statues_fountains,
          first_ration
D:5:      layout_rooms, minmay_misc_feat_secret_circle, minmay_puff,
          uniq_blork_the_orc
Temple:   dpeg_five_rooms_temple

Skill      XL: |  1  2  3  4  5 |
---------------+----------------+-----
Stealth        | 1 2 3 |  3.5
Dodging        | 4 |  4.7
Armour         | 1 |  1.8
Fighting       | 3 |  3.5
Short Blades   | 5 |  5.1
Throwing       | |  2.1

Action                   |  1- 3 |  4- 6 || total
-------------------------+-------+-------++-------
Melee: Rapier            |   117 |   244 ||   361
  Use: Potion            |       |     5 ||     5
 Stab: Sleeping          |       |     4 ||     4
  Eat: Chunk             |     9 |     7 ||    16
Armor: Leather armour    |    32 |    35 ||    67
       Robe              |       |     1 ||     1
Dodge: Dodged            |   100 |   182 ||   282

Table legend:
 A = Non-vault XP
 B = Vault XP
 C = Vault XP percentage of total XP
 D = Non-vault monster count
 E = Vault monster count
 F = Vault count percentage of total count
                 A         B        C        D         E       F
            +---------+---------+-------+---------+---------+-------
      Total |     296 |      36 |  10.8 |      75 |      14 |  15.7
            +---------+---------+-------+---------+---------+-------
        D:1 |      32 |       2 |   5.9 |      20 |       1 |   4.8
        D:2 |      98 |      34 |  25.8 |      23 |      13 |  36.1
        D:3 |      45 |       0 |   0.0 |      19 |       0 |   0.0
        D:4 |      85 |       0 |   0.0 |      12 |       0 |   0.0
        D:5 |      36 |       0 |   0.0 |       1 |       0 |   0.0
            +---------+---------+-------+---------+---------+-------
